 Dungeon Crawl Stone Soup version 0.32-a0-485-g70f7560b1c (console) character file.

Game seed: 17559814618097101312

578 Banquo the Magician (level 7, -6/53 HPs)
             Began as a Djinni Air Elementalist on Feb 27, 2024.
             Was an Initiate of Hepliaklqana.
             Killed by miscasting Airstrike (12 damage)
             ... on level 5 of the Dungeon.
             The game lasted 00:12:55 (4675 turns).

Banquo the Magician (Djinni Air Elementalist)       Turns: 4675, Time: 00:12:55

Health: -6/53      AC:  3    Str: 13    XL:     7   Next: 62%
Gold:   186        EV: 12    Int: 18    God:    Hepliaklqana [......] SH:  5 Dex: 14

rFire   + . .        w - +1 flail (holy)
rCold   . . .        (no shield)
rNeg    . . .        a - +0 robe
rPois   ∞            (no helmet)
rElec   .            u - +0 cloak
rCorr   .            (no gloves)
SInv    .            (boots unavailable)
Will    .....        j - amulet of reflection
Stlth   ++           r - +6 ring of strength
HPRegen 0.28/turn    z - ring of ice
MPRegen 0.00/turn

%: reflection, infuse magic (-7 HP)
@: flying, very slightly contaminated
A: sickness immunity, fire resistance 2, cold vulnerability 1, float, innate
caster, HP casting, extra vitality 1
a: Renounce Religion


You were on level 5 of the Dungeon.
You worshipped Hepliaklqana.
Hepliaklqana was noncommittal.
You visited 1 branch of the dungeon, and saw 5 of its levels.

You collected 186 gold pieces.

Inventory:

Hand Weapons
 i - a +0 short sword
 w - a +1 flail of holy wrath (weapon)
Missiles
 b - 33 stones
Armour
 a - a +0 robe (worn)
 s - an orb of guile
 u - a +0 cloak (worn)
Jewellery
 j - an amulet of reflection (around neck)
 r - a +6 ring of strength (left hand)
 z - a ring of ice (right hand)
Scrolls
 e - 3 scrolls of teleportation {unknown}
 f - a scroll of amnesia {unknown}
 k - a scroll of enchant armour {unknown}
 m - 4 scrolls of identify {unknown}
 n - 2 scrolls of torment {unknown}
 v - a scroll of fog {unknown}
 x - a scroll of vulnerability {unknown}
 y - a scroll of noise {unknown}
 B - 2 scrolls of poison {unknown}
Potions
 c - a potion of haste {unknown}
 d - 2 potions of curing {unknown}
 g - 2 potions of resistance {unknown}
 h - a potion of brilliance {unknown}
 l - a potion of lignification {unknown}
 o - 2 potions of magic {unknown}
 p - a potion of mutation {unknown}
 q - a potion of invisibility {unknown}
 t - a potion of enlightenment {unknown}
 A - a potion of attraction {unknown}


   Skills:
 * Level 4.8 Fighting
 - Level 2.1 Dodging
 - Level 1.5 Stealth
 * Level 5.4 Spellcasting
 * Level 5.4 Conjurations
 * Level 5.4 Hexes
 * Level 5.4 Summonings
 * Level 5.4 Necromancy
 * Level 5.4 Translocations
 * Level 5.4 Fire Magic
 * Level 5.4 Ice Magic
 * Level 5.4 Air Magic
 * Level 5.4 Earth Magic
 * Level 5.4 Alchemy


You knew the following spells:

 Your Spells              Type           Power      Damage    Failure   Level
a - Shock                 Conj/Air       96%        1d9       1%          1
c - Mercury Vapours       Alch/Air       48%        N/A       1%          2
d - Static Discharge      Conj/Air       48%        3-5/arc   1%          2
e - Sting                 Conj/Alch      96%        1d9       1%          1
t - Tukima's Dance        Hex            24%        N/A       4%          3
z - Airstrike             Air            12%        2d(2-18)  14%         4
M - Swiftness             Air            24%        N/A       4%          3
Your spell library was empty.

Dungeon Overview and Level Annotations

Branches:
Dungeon (5/15)             Temple (0/1) D:5

Altars:
Hepliaklqana


Innate Abilities, Weirdness & Mutations

You are immune to sickness and miasma.
You are immune to poison.
Your flesh is very heat resistant. (rF++)
You are vulnerable to cold. (rC-)
You float through the air rather than walking.
You learn spells naturally, not from books.
Your magical power is your life essence.
You have superior vitality. (+4 MHP)


Message History

There is a stone staircase leading down here.
Casting: Shock (safe; 1% risk of failure)
Confirm with . or Enter, or press ? or * to list all spells.
The spell is quite dangerous to miscast (14% risk of failure)!
Continue anyway?
Aiming: Airstrike (quite dangerous; 14% risk of failure)
Press: ? - help, Dir - move target, f - white imp
Aim: a white imp (empty space bonus: 5/8)
You miscast Airstrike.
You are very lightly contaminated with residual magic.
Electricity courses through your body! The white imp gestures at you.
The puff of frost hits you.
Casting: Airstrike (quite dangerous; 14% risk of failure)
Confirm with . or Enter, or press ? or * to list all spells.
The spell is quite dangerous to miscast (14% risk of failure)!
Continue anyway?
Aiming: Airstrike (quite dangerous; 14% risk of failure)
Press: ? - help, Dir - move target, f/p - white imp
Aim: a white imp (empty space bonus: 5/8)
The air twists around and strikes the white imp.
The white imp is lightly wounded.
Unknown command.
Casting: Airstrike (quite dangerous; 14% risk of failure)
Confirm with . or Enter, or press ? or * to list all spells.
The spell is quite dangerous to miscast (14% risk of failure)!
Continue anyway?
Aiming: Airstrike (quite dangerous; 14% risk of failure)
Press: ? - help, Dir - move target, f/p - white imp
Aim: a white imp (lightly wounded, empty space bonus: 6/8)
You miscast Airstrike.
You are caught in an explosion of electrical discharges!
* * * LOW HITPOINT WARNING * * *
x2 Unknown command.
Casting: Airstrike (quite dangerous; 14% risk of failure)
Confirm with . or Enter, or press ? or * to list all spells.
The spell is quite dangerous to miscast (14% risk of failure)!
Continue anyway?
Aiming: Airstrike (quite dangerous; 14% risk of failure)
Press: ? - help, Dir - move target, f/p - white imp
Aim: a white imp (lightly wounded, empty space bonus: 6/8)
You miscast Airstrike.
Electricity courses through your body!
You die...
Hepliaklqana delivers you to your ancestors.

#### ....# ....#
###+#+##....#
#......5....#
#............
####.......#....
#.......@.......
#..........####.
#..........+
#..........#
###..........#
#...##)......#
#.##........##
###.##.######..+
###...##.## ..#


You could see a white imp.

Vanquished Creatures
  A black bear (D:4)
  A centaur (D:4)
  A phantom (D:4)
  A bombardier beetle (D:3)
  A jelly (D:4)
  2 hounds
  Natasha (thrice) (D:2)
  3 adders (D:2)
  2 dart slugs
  2 ribbon worms (D:2)
  17 orcs
  3 bats
  6 endoplasms
  A giant cockroach (D:3)
  3 goblins (D:3)
  13 hobgoblins
  3 quokkas
  6 ball pythons
  3 frilled lizards (D:2)
  8 kobolds
  8 rats
88 creatures vanquished.

Notes
Turn   | Place    | Note
-------+----------+-------------------------------------------
     0 | D:1      | Banquo the Djinni Air Elementalist began the quest for the
                  | Orb.
     0 | D:1      | Banquo set off with the following spells memorised: Shock,
                  | Static Discharge, Swiftness, Airstrike.
     0 | D:1      | Reached XP level 1. HP: 15/15 MP: 0/0
   168 | D:1      | Reached XP level 2. HP: 17/22 MP: 0/0
   232 | D:1      | Reached skill level 1 in Fighting
   561 | D:1      | Found a faded altar of an unknown god.
   710 | D:1      | Reached XP level 3. HP: 23/27 MP: 0/0
   710 | D:1      | Learned a level 1 spell: Sting
  1435 | D:2      | Reached XP level 4. HP: 32/33 MP: 0/0
  1444 | D:2      | Noticed Natasha
  1448 | D:2      | Killed Natasha
  1939 | D:2      | Noticed Natasha
  1947 | D:2      | Killed Natasha
  1948 | D:2      | Reached XP level 5. HP: 24/40 MP: 0/0
  1948 | D:2      | Learned a level 2 spell: Mercury Vapours
  2508 | D:2      | Noticed Natasha
  2514 | D:2      | Killed Natasha
  3089 | D:3      | Reached XP level 6. HP: 40/46 MP: 0/0
  3721 | D:4      | Reached skill level 5 in Spellcasting
  3721 | D:4      | Reached skill level 5 in Conjurations
  3721 | D:4      | Reached skill level 5 in Hexes
  3721 | D:4      | Reached skill level 5 in Summonings
  3721 | D:4      | Reached skill level 5 in Necromancy
  3721 | D:4      | Reached skill level 5 in Translocations
  3721 | D:4      | Reached skill level 5 in Fire Magic
  3721 | D:4      | Reached skill level 5 in Ice Magic
  3721 | D:4      | Reached skill level 5 in Air Magic
  3721 | D:4      | Reached skill level 5 in Earth Magic
  3721 | D:4      | Reached skill level 5 in Alchemy
  3721 | D:4      | Reached XP level 7. HP: 48/52 MP: 0/0
  3721 | D:4      | Learned a level 3 spell: Tukima's Dance
  4525 | D:5      | Entered Level 5 of the Dungeon
  4531 | D:5      | Found a hazy altar of Hepliaklqana.
  4539 | D:5      | Became a worshipper of Hepliaklqana the Forgotten
  4619 | D:5      | Found a staircase to the Ecumenical Temple.
  4675 | D:5      | Killed by miscasting Airstrike

Illustrated notes

Levels and vault maps discovered:
D:1:      lemuel_arrival_lava_pool, layout_loops_ring,
          shapermc_ecumenical_altar_hornbeckon, minmay_small_reverse_x
D:2:      layout_basic, uniq_natasha
D:3:      corexii_shack_village, layout_rooms
D:4:      layout_basic, serial_bayou, serial_bayou_crossing,
          serial_bayou_shore_a, serial_bayou_lagoon_a, serial_bayou_pond_a,
          grunt_decor_cap
D:5:      layout_basic, nicolae_hepliaklqana_hazy_memory,
          hellmonk_overflow_destroyed_library, minmay_temple_entry_waves,
          cheibrodos_sewer_entry_bend, serial_park_tiny_1,
          minmay_fire_ice_demons, uniq_crazy_yiuf_cottage

Skill      XL: |  1  2  3  4  5  6 |
---------------+-------------------+-----
Fighting       | 1 2 3 4 |  4.8
Spellcasting   | 4 5 |  5.4
Conjurations   | 4 5 |  5.4
Hexes          | 4 5 |  5.4
Summonings     | 4 5 |  5.4
Necromancy     | 4 5 |  5.4
Translocations | 4 5 |  5.4
Fire Magic     | 4 5 |  5.4
Ice Magic      | 4 5 |  5.4
Air Magic      | 4 5 |  5.4
Earth Magic    | 4 5 |  5.4
Alchemy        | 4 5 |  5.4
Dodging        | |  2.1
Stealth        | |  1.5

Action                     |  1- 3 |  4- 6 |  7- 9 || total
---------------------------+-------+-------+-------++-------
   Cast: Shock             |    51 |   114 |    17 ||   182
         Sting             |       |    12 |     7 ||    19
         Airstrike         |       |     1 |     4 ||     5
 Armour: Robe              |     8 |     5 |     3 ||    16
  Dodge: Dodged            |     6 |     4 |       ||    10
  Block: Other             |       |     1 |     1 ||     2
         Reflection        |       |       |     1 ||     1

Table legend: (Time is in decaauts)
 A = Elapsed time spent in this place.
 B = Non-inter-level travel time spent in this place.
 C = Inter-level travel time spent in this place.
 D = Time resting spent in this place.
 E = Time spent auto-exploring this place.
 F = Levels seen in this place.
 G = Mean time per level.
                   A        B        C        D        E       F      G
               +--------+--------+--------+--------+--------+-----+--------+
         Total |   4673 |   4205 |    468 |    147 |   3332 |   5 |  934.6 |
       Dungeon |   4673 |   4205 |    468 |    147 |   3332 |   5 |  934.6 |
               +--------+--------+--------+--------+--------+-----+--------+

Top non-repeatable levels by time:
     D:2: 1710 daAuts
     D:1: 1030 daAuts
     D:4: 976 daAuts
     D:3: 806 daAuts
     D:5: 149 daAuts
